2987 views
Uploaded 2020-03-14 21:42:33
Game version 1.32.2
18:14 long 4on4 ladder game on (8)GolemsInTheMist_LV
Saved by BEARAND
2987 views
Uploaded 2020-03-14 21:42:33
Game version 1.32.2
18:14 long 4on4 ladder game on (8)GolemsInTheMist_LV


91 units @ 8.5k
/ 0.4k
252 buildings @ 15.5k
/ 7.3k



| Scroll of Regeneration | 2 | 200 |
| Staff of Sanctuary | 1 | 250 |
| Staff of Teleportation | 2 | 300 |
| Boots of Speed | 1 | 250 |
| Periapt of Vitality | 1 | 325 |
| total: | 7 | 1325g |
| Peasant | 25 | 1875 | / | 0 |
| Dragonhawk Rider | 2 | 400 | / | 60 |
| total: | 27 | 2275g | / | 60w |
| Scout Tower | 60 | 1800 | / | 1200 |
| Arcane Tower | 1 | 70 | / | 50 |
| Guard Tower | 29 | 2030 | / | 1450 |
| Altar of Kings | 1 | 180 | / | 50 |
| Farm | 6 | 480 | / | 120 |
| Lumber Mill | 1 | 120 | / | 0 |
| Arcane Vault | 3 | 390 | / | 90 |
| Town Hall | 1 | 385 | / | 205 |
| Blacksmith | 1 | 140 | / | 60 |
| Barracks | 1 | 160 | / | 60 |
| Gryphon Aviary | 2 | 280 | / | 300 |
| Keep | 1 | 320 | / | 210 |
| Castle | 1 | 360 | / | 210 |
| total: | 76 | 3935g | / | 2085w |
| 0:00 | Peasant |
| 0:00 | Peasant |
| 0:03 | Altar of Kings |
| 0:36 | Farm |
| 0:48 | Peasant |
| 1:00 | Lumber Mill |
| 1:03 | Peasant |
| 1:15 | Peasant |
| 1:34 | Scout Tower |
| 1:38 | Peasant |
| 1:42 | Farm |
| 1:48 | Peasant |
| 1:55 | Scout Tower |
| 1:57 | Scout Tower |
| 2:01 | Arcane Tower |
| 2:03 | Peasant |
| 2:15 | Peasant |
| 2:22 | Scout Tower |
| 2:26 | Peasant |
| 2:29 | Guard Tower |
| 2:38 | Improved Masonry |
| 2:51 | Scout Tower |
| 2:55 | Guard Tower |
| 2:58 | Peasant |
| 3:02 | Blizzard |
| 3:25 | Arcane Vault |
| 3:28 | Scout Tower |
| 3:28 | Guard Tower |
| 3:42 | Peasant |
| 3:42 | Peasant |
| 3:57 | Guard Tower |
| 4:00 | Scout Tower |
| 4:33 | Guard Tower |
| 4:34 | Scout Tower |
| 4:35 | Scout Tower |
| 4:38 | Scout Tower |
| 5:01 | Scout Tower |
| 5:02 | Scout Tower |
| 5:03 | Guard Tower |
| 5:11 | Scout Tower |
| 5:39 | Guard Tower |
| 5:41 | Guard Tower |
| 5:43 | Scout Tower |
| 5:43 | Peasant |
| 5:58 | Brilliance Aura |
| 6:09 | Scout Tower |
| 6:10 | Scout Tower |
| 6:10 | Guard Tower |
| 6:11 | Guard Tower |
| 6:55 | Guard Tower |
| 6:56 | Scout Tower |
| 6:57 | Scout Tower |
| 6:57 | Scout Tower |
| 7:04 | Scout Tower |
| 7:04 | Scout Tower |
| 7:07 | Scout Tower |
| 7:07 | Scout Tower |
| 7:10 | Scout Tower |
| 7:12 | Scroll of Regeneration |
| 7:45 | Guard Tower |
| 7:46 | Scout Tower |
| 7:46 | Scout Tower |
| 7:47 | Keep |
| 7:53 | Guard Tower |
| 7:55 | Scout Tower |
| 7:55 | Scout Tower |
| 7:55 | Scout Tower |
| 7:56 | Scout Tower |
| 7:58 | Guard Tower |
| 8:20 | Farm |
| 8:21 | Farm |
| 8:23 | Scout Tower |
| 8:23 | Scout Tower |
| 8:27 | Guard Tower |
| 8:51 | Guard Tower |
| 9:09 | Scout Tower |
| 9:09 | Scout Tower |
| 9:10 | Scout Tower |
| 9:19 | Guard Tower |
| 9:30 | Guard Tower |
| 9:33 | Scout Tower |
| 9:33 | Scout Tower |
| 9:34 | Scout Tower |
| 9:34 | Scout Tower |
| 9:48 | Scroll of Regeneration |
| 9:51 | Guard Tower |
| 9:52 | Guard Tower |
| 9:54 | Scout Tower |
| 10:08 | Guard Tower |
| 10:12 | Advanced Masonry |
| 10:52 | Guard Tower |
| 11:07 | Town Hall |
| 11:11 | Peasant |
| 11:11 | Peasant |
| 11:16 | Scout Tower |
| 11:36 | Peasant |
| 11:45 | Guard Tower |
| 12:15 | Scout Tower |
| 12:15 | Scout Tower |
| 12:16 | Scout Tower |
| 12:31 | Peasant |
| 12:32 | Peasant |
| 12:33 | Peasant |
| 12:49 | Guard Tower |
| 12:51 | Peasant |
| 13:07 | Scout Tower |
| 13:08 | Scout Tower |
| 13:08 | Scout Tower |
| 13:08 | Scout Tower |
| 13:09 | Scout Tower |
| 13:10 | Scout Tower |
| 13:10 | Scout Tower |
| 13:10 | Scout Tower |
| 13:15 | Peasant |
| 13:16 | Peasant |
| 13:16 | Peasant |
| 13:17 | Peasant |
| 13:36 | Castle |
| 13:53 | Scout Tower |
| 13:54 | Scout Tower |
| 13:58 | Guard Tower |
| 14:09 | Guard Tower |
| 14:11 | Scout Tower |
| 14:12 | Scout Tower |
| 14:21 | Staff of Teleportation |
| 14:25 | Guard Tower |
| 14:27 | Storm Bolt |
| 14:50 | Guard Tower |
| 15:26 | Farm |
| 15:29 | Guard Tower |
| 15:31 | Gryphon Aviary |
| 15:32 | Gryphon Aviary |
| 15:35 | Blacksmith |
| 15:40 | Arcane Vault |
| 15:46 | Farm |
| 15:53 | Scout Tower |
| 15:54 | Scout Tower |
| 15:55 | Scout Tower |
| 15:56 | Scout Tower |
| 16:02 | Staff of Sanctuary |
| 16:13 | Boots of Speed |
| 16:24 | Staff of Teleportation |
| 17:50 | Holy Light |
| 17:52 | Periapt of Vitality |
| 18:00 | Arcane Vault |
| 18:01 | Dragonhawk Rider |
| 18:02 | Dragonhawk Rider |
| 18:03 | Barracks |
| 18:05 | Studded Leather Armor |
| Right click | 1272 |
| Select | 700 |
| Build/train/purchase | 105 |
| Select group | 90 |
| Chat | 74 |
| Assign group | 52 |
| Use ability | 30 |
| Minimap ping | 9 |
| Misc. action | 1 |
| Item give/drop | 1 |
⇛
iggythefisk
(18:41) : 


x1)
| Scroll of Regeneration | 3 | 300 |
| Mechanical Critter | 2 | 100 |
| Lesser Clarity Potion | 1 | 70 |
| Staff of Sanctuary | 3 | 750 |
| Boots of Speed | 3 | 750 |
| Staff of Teleportation | 2 | 300 |
| Tome of Retraining | 1 | 300 |
| Circlet of Nobility | 2 | 350 |
| Orb of Corruption | 2 | 750 |
| total: | 19 | 3670g |
| Peasant | 23 | 1725 | / | 0 |
| Priest | 1 | 135 | / | 10 |
| Dragonhawk Rider | 2 | 400 | / | 60 |
| total: | 26 | 2260g | / | 70w |
| Scout Tower | 60 | 1800 | / | 1200 |
| Arcane Tower | 5 | 350 | / | 250 |
| Guard Tower | 28 | 1960 | / | 1400 |
| Altar of Kings | 1 | 180 | / | 50 |
| Lumber Mill | 1 | 120 | / | 0 |
| Farm | 8 | 640 | / | 160 |
| Town Hall | 1 | 385 | / | 205 |
| Arcane Vault | 3 | 390 | / | 90 |
| Barracks | 1 | 160 | / | 60 |
| Blacksmith | 1 | 140 | / | 60 |
| Arcane Sanctum | 1 | 150 | / | 140 |
| Gryphon Aviary | 1 | 140 | / | 150 |
| Keep | 1 | 320 | / | 210 |
| Castle | 1 | 360 | / | 210 |
| total: | 78 | 4105g | / | 2115w |
| 0:01 | Peasant |
| 0:04 | Altar of Kings |
| 0:15 | Peasant |
| 0:37 | Lumber Mill |
| 0:38 | Peasant |
| 0:52 | Peasant |
| 0:56 | Farm |
| 1:05 | Peasant |
| 1:18 | Peasant |
| 1:22 | Farm |
| 1:48 | Peasant |
| 1:48 | Peasant |
| 1:56 | Improved Masonry |
| 2:01 | Scout Tower |
| 2:04 | Peasant |
| 2:18 | Peasant |
| 2:26 | Scout Tower |
| 2:28 | Arcane Tower |
| 2:31 | Summon Water Elemental |
| 2:35 | Peasant |
| 2:38 | Scout Tower |
| 2:45 | Scout Tower |
| 2:47 | Peasant |
| 2:54 | Guard Tower |
| 2:55 | Scout Tower |
| 2:56 | Peasant |
| 3:04 | Peasant |
| 3:22 | Guard Tower |
| 3:23 | Guard Tower |
| 3:24 | Scout Tower |
| 3:27 | Peasant |
| 3:34 | Arcane Tower |
| 3:40 | Peasant |
| 3:50 | Farm |
| 3:51 | Guard Tower |
| 3:52 | Scout Tower |
| 3:58 | Scout Tower |
| 3:59 | Scout Tower |
| 4:12 | Peasant |
| 4:21 | Guard Tower |
| 4:23 | Scout Tower |
| 4:24 | Scout Tower |
| 4:29 | Brilliance Aura |
| 4:41 | Peasant |
| 4:48 | Guard Tower |
| 4:50 | Arcane Tower |
| 4:59 | Guard Tower |
| 5:04 | Scout Tower |
| 5:31 | Guard Tower |
| 5:32 | Scout Tower |
| 5:33 | Guard Tower |
| 5:37 | Scout Tower |
| 5:46 | Peasant |
| 5:53 | Town Hall |
| 6:11 | Guard Tower |
| 6:17 | Arcane Vault |
| 6:37 | Scroll of Regeneration |
| 6:47 | Peasant |
| 6:47 | Peasant |
| 6:57 | Guard Tower |
| 7:01 | Scout Tower |
| 7:01 | Scout Tower |
| 7:02 | Scout Tower |
| 7:40 | Summon Water Elemental |
| 7:48 | Boots of Speed |
| 7:49 | Staff of Teleportation |
| 8:01 | Arcane Vault |
| 8:02 | Arcane Tower |
| 8:02 | Guard Tower |
| 8:03 | Keep |
| 8:06 | Peasant |
| 8:06 | Peasant |
| 8:20 | Scout Tower |
| 8:23 | Guard Tower |
| 8:26 | Scout Tower |
| 8:27 | Scout Tower |
| 8:48 | Guard Tower |
| 8:50 | Scout Tower |
| 8:50 | Scout Tower |
| 9:16 | Scout Tower |
| 9:19 | Scroll of Regeneration |
| 9:21 | Mechanical Critter |
| 9:21 | Mechanical Critter |
| 9:22 | Lesser Clarity Potion |
| 9:29 | Guard Tower |
| 9:30 | Scout Tower |
| 9:30 | Scout Tower |
| 9:32 | Tome of Retraining |
| 9:32 | Retrain Hero |
| 9:33 | Blizzard |
| 9:34 | Brilliance Aura |
| 9:49 | Guard Tower |
| 9:52 | Guard Tower |
| 10:15 | Scout Tower |
| 10:16 | Scout Tower |
| 10:27 | Guard Tower |
| 10:41 | Scout Tower |
| 10:41 | Scout Tower |
| 10:42 | Scout Tower |
| 10:49 | Guard Tower |
| 11:14 | Scout Tower |
| 11:15 | Scout Tower |
| 11:15 | Scout Tower |
| 11:19 | Guard Tower |
| 11:20 | Advanced Masonry |
| 11:20 | Improved Lumber Harvesting |
| 11:20 | Castle |
| 11:22 | Arcane Sanctum |
| 11:44 | Flame Strike |
| 12:16 | Boots of Speed |
| 12:17 | Staff of Teleportation |
| 12:19 | Circlet of Nobility |
| 12:38 | Scout Tower |
| 12:42 | Magic Sentry |
| 12:43 | Priest Adept Training |
| 12:43 | Priest |
| 12:46 | Scroll of Regeneration |
| 12:50 | Guard Tower |
| 12:53 | Scout Tower |
| 12:54 | Scout Tower |
| 12:57 | Gryphon Aviary |
| 13:07 | Guard Tower |
| 13:09 | Arcane Vault |
| 13:14 | Scout Tower |
| 13:14 | Scout Tower |
| 13:15 | Scout Tower |
| 13:19 | Scout Tower |
| 13:19 | Scout Tower |
| 13:24 | Orb of Corruption |
| 13:32 | Arcane Tower |
| 13:41 | Staff of Sanctuary |
| 13:46 | Staff of Sanctuary |
| 14:00 | Scout Tower |
| 14:01 | Scout Tower |
| 14:01 | Scout Tower |
| 14:11 | Orb of Corruption |
| 14:18 | Farm |
| 14:20 | Farm |
| 14:26 | Scout Tower |
| 14:27 | Scout Tower |
| 14:28 | Scout Tower |
| 14:28 | Guard Tower |
| 14:30 | Guard Tower |
| 14:31 | Barracks |
| 14:33 | Blacksmith |
| 15:21 | Breath of Fire |
| 15:32 | Guard Tower |
| 15:34 | Scout Tower |
| 15:35 | Scout Tower |
| 15:35 | Scout Tower |
| 15:35 | Scout Tower |
| 15:37 | Guard Tower |
| 15:41 | Dragonhawk Rider |
| 15:42 | Dragonhawk Rider |
| 15:47 | Imbued Masonry |
| 15:47 | Advanced Lumber Harvesting |
| 15:52 | Farm |
| 15:56 | Farm |
| 15:59 | Farm |
| 16:13 | Guard Tower |
| 16:15 | Scout Tower |
| 16:16 | Scout Tower |
| 17:01 | Staff of Sanctuary |
| 17:21 | Boots of Speed |
| 17:23 | Circlet of Nobility |
| 17:38 | Guard Tower |
| 17:40 | Scout Tower |
| 18:08 | Scout Tower |
| 18:09 | Scout Tower |
| 18:09 | Scout Tower |
| 18:12 | Scout Tower |
| 18:13 | Scout Tower |
| 18:15 | Scout Tower |
| Right click | 1065 |
| Select group | 388 |
| Select | 333 |
| Assign group | 316 |
| Chat | 316 |
| Build/train/purchase | 243 |
| Use ability | 38 |
| Resource trade | 12 |
| Misc. action | 5 |
| Item give/drop | 4 |
| Minimap ping | 1 |



| Orb of Corruption | 3 | 1125 |
| Staff of Teleportation | 3 | 450 |
| Boots of Speed | 3 | 750 |
| Periapt of Vitality | 1 | 325 |
| Circlet of Nobility | 2 | 350 |
| Scroll of Regeneration | 1 | 100 |
| Staff of Sanctuary | 3 | 750 |
| total: | 16 | 3850g |
| Acolyte | 12 | 900 | / | 0 |
| Ghoul | 4 | 480 | / | 0 |
| Obsidian Statue | 2 | 400 | / | 70 |
| total: | 18 | 1780g | / | 70w |
| Nerubian Tower | 4 | 400 | / | 80 |
| Spirit Tower | 4 | 580 | / | 160 |
| Crypt | 1 | 200 | / | 50 |
| Altar of Darkness | 2 | 360 | / | 100 |
| Ziggurat | 14 | 2100 | / | 700 |
| Necropolis | 1 | 225 | / | 0 |
| Graveyard | 1 | 215 | / | 0 |
| Tomb of Relics | 2 | 260 | / | 60 |
| Slaughterhouse | 1 | 140 | / | 135 |
| Halls of the Dead | 1 | 320 | / | 210 |
| Black Citadel | 1 | 325 | / | 230 |
| total: | 22 | 3500g | / | 1045w |
| 0:02 | Acolyte |
| 0:04 | Crypt |
| 0:17 | Altar of Darkness |
| 0:20 | Altar of Darkness |
| 0:33 | Acolyte |
| 0:55 | Ziggurat |
| 1:30 | Ghoul |
| 1:36 | Ghoul |
| 1:41 | Ghoul |
| 2:10 | Necropolis |
| 2:13 | Nerubian Tower |
| 2:27 | Ghoul |
| 2:55 | Graveyard |
| 2:59 | Death Coil |
| 3:46 | Halls of the Dead |
| 4:24 | Staff of Teleportation |
| 4:24 | Boots of Speed |
| 5:10 | Unholy Aura |
| 5:46 | Periapt of Vitality |
| 6:26 | Acolyte |
| 6:26 | Acolyte |
| 6:27 | Acolyte |
| 6:27 | Acolyte |
| 6:27 | Acolyte |
| 7:24 | Frost Nova |
| 7:25 | Scroll of Regeneration |
| 7:45 | Tomb of Relics |
| 7:46 | Tomb of Relics |
| 7:53 | Slaughterhouse |
| 7:57 | Ziggurat |
| 8:05 | Black Citadel |
| 8:34 | Boots of Speed |
| 8:39 | Staff of Teleportation |
| 8:43 | Circlet of Nobility |
| 9:25 | Obsidian Statue |
| 9:25 | Obsidian Statue |
| 10:00 | Ziggurat |
| 10:01 | Ziggurat |
| 10:03 | Ziggurat |
| 10:04 | Ziggurat |
| 10:37 | Orb of Corruption |
| 10:37 | Orb of Corruption |
| 10:58 | Nerubian Tower |
| 11:10 | Spirit Tower |
| 11:37 | Nerubian Tower |
| 13:31 | Acolyte |
| 13:31 | Acolyte |
| 13:32 | Acolyte |
| 13:32 | Acolyte |
| 13:32 | Acolyte |
| 13:38 | Carrion Swarm |
| 14:50 | Frost Armor |
| 14:55 | Death Coil |
| 15:07 | Staff of Sanctuary |
| 15:19 | Boots of Speed |
| 15:21 | Circlet of Nobility |
| 15:27 | Staff of Sanctuary |
| 15:50 | Ziggurat |
| 15:51 | Ziggurat |
| 15:53 | Ziggurat |
| 15:54 | Ziggurat |
| 15:55 | Ziggurat |
| 15:56 | Ziggurat |
| 15:58 | Ziggurat |
| 15:59 | Ziggurat |
| 16:16 | Orb of Corruption |
| 16:43 | Staff of Teleportation |
| 16:49 | Nerubian Tower |
| 16:51 | Spirit Tower |
| 17:17 | Staff of Sanctuary |
| 17:21 | Spirit Tower |
| Right click | 1481 |
| Select group | 731 |
| Chat | 266 |
| Select | 173 |
| Build/train/purchase | 108 |
| Resource trade | 74 |
| Use ability | 46 |
| Misc. action | 27 |
| Assign group | 10 |
| Item give/drop | 7 |
| Minimap ping | 3 |



| Potion of Healing | 3 | 450 |
| Scroll of Regeneration | 2 | 200 |
| Lesser Clarity Potion | 1 | 70 |
| Staff of Sanctuary | 3 | 750 |
| Boots of Speed | 3 | 750 |
| Staff of Teleportation | 1 | 150 |
| Periapt of Vitality | 1 | 325 |
| Orb of Corruption | 1 | 375 |
| total: | 15 | 3070g |
| Peasant | 14 | 1050 | / | 0 |
| Dragonhawk Rider | 5 | 1000 | / | 150 |
| Priest | 1 | 135 | / | 10 |
| total: | 20 | 2185g | / | 160w |
| Scout Tower | 58 | 1740 | / | 1160 |
| Arcane Tower | 2 | 140 | / | 100 |
| Guard Tower | 48 | 3360 | / | 2400 |
| Altar of Kings | 1 | 180 | / | 50 |
| Farm | 9 | 720 | / | 180 |
| Lumber Mill | 1 | 120 | / | 0 |
| Arcane Vault | 2 | 260 | / | 60 |
| Blacksmith | 1 | 140 | / | 60 |
| Barracks | 1 | 160 | / | 60 |
| Town Hall | 1 | 385 | / | 205 |
| Arcane Sanctum | 1 | 150 | / | 140 |
| Gryphon Aviary | 1 | 140 | / | 150 |
| Keep | 1 | 320 | / | 210 |
| Castle | 1 | 360 | / | 210 |
| total: | 76 | 3995g | / | 2065w |
| 0:46 | Peasant |
| 0:46 | Peasant |
| 0:46 | Peasant |
| 0:52 | Altar of Kings |
| 1:00 | Peasant |
| 1:02 | Farm |
| 1:11 | Peasant |
| 1:17 | Lumber Mill |
| 1:31 | Peasant |
| 2:07 | Peasant |
| 2:07 | Peasant |
| 2:07 | Peasant |
| 2:25 | Peasant |
| 2:29 | Scout Tower |
| 2:34 | Scout Tower |
| 2:36 | Scout Tower |
| 2:36 | Scout Tower |
| 2:39 | Peasant |
| 2:50 | Blizzard |
| 2:57 | Arcane Tower |
| 3:01 | Guard Tower |
| 3:07 | Scout Tower |
| 3:07 | Scout Tower |
| 3:18 | Peasant |
| 3:19 | Peasant |
| 3:22 | Farm |
| 3:37 | Guard Tower |
| 3:37 | Guard Tower |
| 3:57 | Guard Tower |
| 3:58 | Guard Tower |
| 4:11 | Scout Tower |
| 4:13 | Peasant |
| 4:15 | Scout Tower |
| 4:32 | Scout Tower |
| 5:14 | Guard Tower |
| 5:15 | Scout Tower |
| 5:16 | Scout Tower |
| 5:19 | Brilliance Aura |
| 5:25 | Keep |
| 5:32 | Boots of Speed |
| 5:48 | Guard Tower |
| 5:49 | Guard Tower |
| 5:50 | Scout Tower |
| 5:51 | Scout Tower |
| 6:10 | Arcane Vault |
| 6:12 | Arcane Vault |
| 6:46 | Guard Tower |
| 6:49 | Guard Tower |
| 6:51 | Scout Tower |
| 6:52 | Scout Tower |
| 6:52 | Scout Tower |
| 6:58 | Farm |
| 6:58 | Farm |
| 7:00 | Guard Tower |
| 7:01 | Scout Tower |
| 7:02 | Scout Tower |
| 7:03 | Scout Tower |
| 7:04 | Scout Tower |
| 7:06 | Improved Masonry |
| 7:22 | Guard Tower |
| 7:49 | Guard Tower |
| 7:50 | Scout Tower |
| 7:51 | Scout Tower |
| 7:51 | Scout Tower |
| 7:52 | Scout Tower |
| 7:56 | Improved Lumber Harvesting |
| 7:56 | Advanced Lumber Harvesting |
| 8:25 | Guard Tower |
| 8:38 | Scout Tower |
| 8:39 | Scout Tower |
| 8:39 | Scout Tower |
| 8:40 | Scout Tower |
| 8:53 | Guard Tower |
| 9:17 | Storm Bolt |
| 9:26 | Scout Tower |
| 9:49 | Castle |
| 10:07 | Potion of Healing |
| 10:09 | Guard Tower |
| 10:16 | Boots of Speed |
| 10:21 | Scout Tower |
| 10:22 | Scout Tower |
| 10:22 | Scout Tower |
| 10:23 | Scout Tower |
| 10:33 | Advanced Masonry |
| 10:33 | Imbued Masonry |
| 10:36 | Arcane Sanctum |
| 10:53 | Guard Tower |
| 11:02 | Arcane Tower |
| 11:06 | Guard Tower |
| 11:09 | Scroll of Regeneration |
| 11:11 | Potion of Healing |
| 11:13 | Lesser Clarity Potion |
| 11:35 | Scout Tower |
| 11:36 | Scout Tower |
| 11:50 | Gryphon Aviary |
| 12:00 | Scroll of Regeneration |
| 12:00 | Potion of Healing |
| 12:11 | Staff of Sanctuary |
| 12:14 | Staff of Sanctuary |
| 12:18 | Magic Sentry |
| 12:33 | Guard Tower |
| 12:35 | Scout Tower |
| 12:54 | Scout Tower |
| 12:54 | Scout Tower |
| 12:59 | Farm |
| 13:00 | Farm |
| 13:04 | Guard Tower |
| 13:10 | Scout Tower |
| 13:10 | Scout Tower |
| 13:11 | Scout Tower |
| 13:11 | Scout Tower |
| 13:15 | Dragonhawk Rider |
| 13:18 | Blacksmith |
| 13:19 | Barracks |
| 13:21 | Farm |
| 13:21 | Farm |
| 13:22 | Farm |
| 13:31 | Scout Tower |
| 13:32 | Scout Tower |
| 13:32 | Scout Tower |
| 13:33 | Scout Tower |
| 13:33 | Scout Tower |
| 13:34 | Scout Tower |
| 13:34 | Scout Tower |
| 13:35 | Guard Tower |
| 13:49 | Staff of Teleportation |
| 13:49 | Periapt of Vitality |
| 14:04 | Guard Tower |
| 14:04 | Guard Tower |
| 14:07 | Guard Tower |
| 14:19 | Scout Tower |
| 14:31 | Town Hall |
| 14:34 | Holy Light |
| 14:40 | Guard Tower |
| 14:47 | Dragonhawk Rider |
| 15:00 | Guard Tower |
| 15:05 | Staff of Sanctuary |
| 15:13 | Scout Tower |
| 15:14 | Scout Tower |
| 15:14 | Scout Tower |
| 15:15 | Scout Tower |
| 15:32 | Boots of Speed |
| 15:41 | Guard Tower |
| 15:42 | Guard Tower |
| 15:45 | Dragonhawk Rider |
| 15:53 | Orb of Corruption |
| 15:59 | Animal War Training |
| 16:29 | Scout Tower |
| 16:35 | Priest |
| 16:45 | Scout Tower |
| 16:46 | Scout Tower |
| 16:49 | Dragonhawk Rider |
| 16:49 | Dragonhawk Rider |
| 16:54 | Iron Forged Swords |
| 16:54 | Studded Leather Armor |
| 16:59 | Guard Tower |
| 16:59 | Guard Tower |
| 17:14 | Guard Tower |
| 17:17 | Scout Tower |
| 18:08 | Blizzard |
| 18:21 | Guard Tower |
| Right click | 1765 |
| Select | 571 |
| Build/train/purchase | 239 |
| Select group | 234 |
| Chat | 176 |
| Use ability | 32 |
| Assign group | 15 |
| Misc. action | 8 |
| Item give/drop | 1 |
| Minimap ping | 1 |
103 units @ 16.9k
/ 2.7k
51 buildings @ 7.8k
/ 3k


| Rod of Necromancy | 1 | 150 |
| Potion of Healing | 2 | 300 |
| total: | 3 | 450g |
| Acolyte | 3 | 225 | / | 0 |
| Ghoul | 5 | 600 | / | 0 |
| Crypt Fiend | 8 | 1720 | / | 320 |
| Meat Wagon | 5 | 1150 | / | 250 |
| Obsidian Statue | 4 | 800 | / | 140 |
| total: | 25 | 4495g | / | 710w |
| Nerubian Tower | 1 | 100 | / | 20 |
| Ziggurat | 6 | 900 | / | 300 |
| Altar of Darkness | 1 | 180 | / | 50 |
| Crypt | 1 | 200 | / | 50 |
| Tomb of Relics | 1 | 130 | / | 30 |
| Graveyard | 1 | 215 | / | 0 |
| Slaughterhouse | 1 | 140 | / | 135 |
| Halls of the Dead | 1 | 320 | / | 210 |
| total: | 11 | 1765g | / | 565w |
| 0:03 | Acolyte |
| 0:03 | Acolyte |
| 1:10 | Ziggurat |
| 1:16 | Altar of Darkness |
| 1:18 | Crypt |
| 2:02 | Nerubian Tower |
| 2:11 | Tomb of Relics |
| 2:23 | Ghoul |
| 2:23 | Ghoul |
| 2:27 | Graveyard |
| 2:31 | Ziggurat |
| 2:45 | Ghoul |
| 3:03 | Ghoul |
| 3:18 | Death Coil |
| 3:22 | Rod of Necromancy |
| 3:44 | Ghoul |
| 3:48 | Halls of the Dead |
| 4:04 | Crypt Fiend |
| 4:46 | Crypt Fiend |
| 4:50 | Ziggurat |
| 4:54 | Creature Attack |
| 6:22 | Web |
| 6:23 | Crypt Fiend |
| 6:30 | Potion of Healing |
| 6:40 | Potion of Healing |
| 7:08 | Slaughterhouse |
| 8:05 | Unholy Aura |
| 8:30 | Sleep |
| 8:38 | Meat Wagon |
| 8:40 | Obsidian Statue |
| 8:43 | Improved Creature Attack |
| 8:47 | Ziggurat |
| 9:51 | Crypt Fiend |
| 9:51 | Crypt Fiend |
| 10:27 | Obsidian Statue |
| 12:28 | Obsidian Statue |
| 12:28 | Obsidian Statue |
| 12:39 | Crypt Fiend |
| 12:39 | Crypt Fiend |
| 13:23 | Crypt Fiend |
| 13:26 | Ziggurat |
| 13:39 | Creature Carapace |
| 13:52 | Ziggurat |
| 14:43 | Meat Wagon |
| 14:43 | Meat Wagon |
| 14:47 | Exhume Corpses |
| 15:54 | Acolyte |
| 16:09 | Meat Wagon |
| 16:41 | Meat Wagon |
| Right click | 576 |
| Select | 128 |
| Select group | 81 |
| Misc. action | 71 |
| Assign group | 65 |
| Build/train/purchase | 61 |
| Chat | 30 |
| Use ability | 8 |
| Esc | 1 |


| Rod of Necromancy | 2 | 300 |
| Orb of Corruption | 2 | 750 |
| Scroll of Healing | 2 | 500 |
| total: | 6 | 1550g |
| Acolyte | 9 | 675 | / | 0 |
| Ghoul | 9 | 1080 | / | 0 |
| Frost Wyrm | 6 | 2310 | / | 720 |
| total: | 24 | 4065g | / | 720w |
| Nerubian Tower | 1 | 100 | / | 20 |
| Crypt | 1 | 200 | / | 50 |
| Altar of Darkness | 1 | 180 | / | 50 |
| Ziggurat | 8 | 1200 | / | 400 |
| Graveyard | 1 | 215 | / | 0 |
| Tomb of Relics | 1 | 130 | / | 30 |
| Sacrificial Pit | 1 | 75 | / | 150 |
| Boneyard | 2 | 350 | / | 400 |
| Halls of the Dead | 1 | 320 | / | 210 |
| Black Citadel | 2 | 650 | / | 460 |
| total: | 15 | 2350g | / | 1080w |
| 0:02 | Acolyte |
| 0:03 | Acolyte |
| 0:15 | Crypt |
| 0:36 | Altar of Darkness |
| 1:00 | Ziggurat |
| 1:30 | Graveyard |
| 1:35 | Ghoul |
| 1:35 | Ghoul |
| 1:52 | Ghoul |
| 2:07 | Tomb of Relics |
| 2:13 | Ghoul |
| 2:27 | Ziggurat |
| 2:39 | Ghoul |
| 2:39 | Ghoul |
| 3:02 | Death Coil |
| 3:13 | Halls of the Dead |
| 3:26 | Rod of Necromancy |
| 3:26 | Rod of Necromancy |
| 3:36 | Ghoul |
| 4:03 | Ghoul |
| 4:07 | Ziggurat |
| 4:29 | Nerubian Tower |
| 4:49 | Ghoul |
| 4:59 | Unholy Aura |
| 5:32 | Creature Attack |
| 5:34 | Black Citadel |
| 6:15 | Sacrificial Pit |
| 7:10 | Improved Creature Attack |
| 8:01 | Boneyard |
| 8:03 | Boneyard |
| 8:24 | Unholy Aura |
| 8:41 | Ziggurat |
| 8:43 | Ziggurat |
| 8:45 | Acolyte |
| 8:49 | Orb of Corruption |
| 8:50 | Scroll of Healing |
| 9:15 | Frost Nova |
| 10:10 | Frost Wyrm |
| 10:11 | Freezing Breath |
| 10:36 | Advanced Creature Attack |
| 10:41 | Acolyte |
| 10:41 | Acolyte |
| 11:23 | Frost Wyrm |
| 12:00 | Acolyte |
| 12:00 | Acolyte |
| 12:00 | Acolyte |
| 12:01 | Acolyte |
| 12:51 | Frost Wyrm |
| 12:56 | Ziggurat |
| 12:57 | Ziggurat |
| 12:59 | Ziggurat |
| 13:09 | Creature Carapace |
| 14:01 | Frost Wyrm |
| 15:01 | Improved Creature Carapace |
| 15:03 | Frost Wyrm |
| 15:57 | Frost Wyrm |
| 16:16 | Orb of Corruption |
| 16:16 | Scroll of Healing |
| Right click | 964 |
| Select group | 633 |
| Chat | 262 |
| Select | 161 |
| Build/train/purchase | 52 |
| Assign group | 19 |
| Use ability | 16 |
| Minimap ping | 5 |
| Item give/drop | 4 |
| Remove unit | 3 |


| Peon | 7 | 525 | / | 0 |
| Grunt | 6 | 1200 | / | 0 |
| Troll Headhunter | 2 | 280 | / | 40 |
| Demolisher | 7 | 1540 | / | 350 |
| Shaman | 1 | 130 | / | 20 |
| Goblin Zeppelin | 1 | 240 | / | 60 |
| total: | 24 | 3915g | / | 470w |
| Altar of Storms | 1 | 180 | / | 50 |
| Orc Burrow | 5 | 800 | / | 200 |
| Barracks | 2 | 360 | / | 100 |
| Voodoo Lounge | 1 | 130 | / | 30 |
| War Mill | 1 | 205 | / | 0 |
| Great Hall | 1 | 385 | / | 185 |
| Spirit Lodge | 1 | 150 | / | 150 |
| Stronghold | 1 | 315 | / | 190 |
| total: | 12 | 2210g | / | 715w |
| 0:04 | Peon |
| 0:16 | Altar of Storms |
| 0:35 | Orc Burrow |
| 0:49 | Peon |
| 1:02 | Peon |
| 1:16 | Barracks |
| 1:28 | Peon |
| 1:42 | Peon |
| 1:59 | Peon |
| 2:10 | Peon |
| 2:19 | Grunt |
| 2:22 | Orc Burrow |
| 2:44 | Feral Spirit |
| 3:20 | Grunt |
| 3:21 | Voodoo Lounge |
| 3:22 | Stronghold |
| 3:49 | Grunt |
| 4:06 | War Mill |
| 4:28 | Orc Burrow |
| 4:43 | Grunt |
| 5:01 | Chain Lighting |
| 5:42 | Barracks |
| 5:48 | Troll Headhunter |
| 6:11 | Demolisher |
| 6:46 | Orc Burrow |
| 6:49 | Spirit Lodge |
| 7:39 | Demolisher |
| 7:42 | Orc Burrow |
| 7:58 | Healing Wave |
| 8:08 | Demolisher |
| 8:09 | Troll Headhunter |
| 8:51 | Demolisher |
| 8:52 | Grunt |
| 9:05 | Steel Ranged Weapons |
| 9:05 | Thorium Ranged Weapons |
| 11:04 | Demolisher |
| 11:07 | Shaman Adept Training |
| 11:12 | Arcanite Ranged Weapons |
| 12:10 | Grunt |
| 12:35 | Feral Spirit |
| 13:16 | Demolisher |
| 13:18 | Shaman |
| 13:35 | Goblin Zeppelin |
| 15:08 | Great Hall |
| 15:19 | Demolisher |
| 16:32 | Serpent Ward |
| Right click | 639 |
| Select | 269 |
| Select group | 247 |
| Build/train/purchase | 124 |
| Misc. action | 72 |
| Use ability | 34 |
| Assign group | 23 |
| Esc | 2 |
| Minimap ping | 1 |


| Scroll of Regeneration | 2 | 200 |
| Lesser Clarity Potion | 2 | 140 |
| Ivory Tower | 2 | 80 |
| Scroll of Town Portal | 1 | 350 |
| total: | 7 | 770g |
| Peasant | 8 | 600 | / | 0 |
| Footman | 6 | 810 | / | 0 |
| Rifleman | 3 | 615 | / | 90 |
| Mortar Team | 7 | 1260 | / | 490 |
| Priest | 4 | 540 | / | 40 |
| Goblin Shredder | 1 | 375 | / | 100 |
| Goblin Zeppelin | 1 | 240 | / | 60 |
| total: | 30 | 4440g | / | 780w |
| Altar of Kings | 1 | 180 | / | 50 |
| Barracks | 1 | 160 | / | 60 |
| Farm | 6 | 480 | / | 120 |
| Blacksmith | 1 | 140 | / | 60 |
| Arcane Vault | 1 | 130 | / | 30 |
| Lumber Mill | 1 | 120 | / | 0 |
| Workshop | 1 | 140 | / | 140 |
| Arcane Sanctum | 1 | 150 | / | 140 |
| Keep | 1 | 320 | / | 210 |
| Castle | 1 | 360 | / | 210 |
| total: | 13 | 1500g | / | 600w |
| 0:01 | Peasant |
| 0:06 | Altar of Kings |
| 0:16 | Peasant |
| 0:37 | Barracks |
| 0:48 | Peasant |
| 0:56 | Farm |
| 1:05 | Peasant |
| 1:14 | Peasant |
| 1:40 | Peasant |
| 1:46 | Farm |
| 1:48 | Footman |
| 1:52 | Peasant |
| 2:06 | Blacksmith |
| 2:20 | Farm |
| 2:27 | Footman |
| 2:34 | Storm Bolt |
| 2:37 | Arcane Vault |
| 2:40 | Peasant |
| 2:53 | Footman |
| 3:23 | Footman |
| 3:43 | Keep |
| 3:56 | Farm |
| 4:04 | Footman |
| 4:22 | Thunder Clap |
| 4:25 | Footman |
| 4:35 | Farm |
| 4:38 | Rifleman |
| 4:50 | Black Gunpowder |
| 6:06 | Workshop |
| 6:08 | Arcane Sanctum |
| 6:26 | Goblin Shredder |
| 6:37 | Scroll of Town Portal |
| 6:40 | Scroll of Regeneration |
| 6:43 | Lesser Clarity Potion |
| 6:47 | Rifleman |
| 7:11 | Mortar Team |
| 7:32 | Priest |
| 7:42 | Mortar Team |
| 8:00 | Rifleman |
| 8:03 | Farm |
| 8:07 | Lesser Clarity Potion |
| 8:27 | Mortar Team |
| 9:30 | Mortar Team |
| 10:21 | Mortar Team |
| 10:37 | Priest |
| 11:22 | Holy Light |
| 11:50 | Mortar Team |
| 11:52 | Priest |
| 12:41 | Scroll of Regeneration |
| 13:00 | Goblin Zeppelin |
| 13:54 | Lumber Mill |
| 14:05 | Ivory Tower |
| 14:05 | Ivory Tower |
| 15:19 | Mortar Team |
| 15:22 | Castle |
| 15:31 | Defend |
| 15:34 | Priest |
| 16:49 | Storm Bolt |
| Right click | 782 |
| Select | 460 |
| Select group | 324 |
| Chat | 198 |
| Misc. action | 155 |
| Build/train/purchase | 56 |
| Use ability | 35 |
| Assign group | 23 |
| Minimap ping | 6 |
| Remove unit | 1 |
| Esc | 1 |